 Dungeon Crawl Stone Soup version 0.27.1-33-g824d729ab1 (webtiles) character file.

Game seed: 6842064195269702296

540 lukzaj the Chopper (level 7, -5/60 HPs)
             Began as a Hill Orc Fighter on Nov 28, 2021.
             Slain by a gnoll (6 damage)
             ... on level 5 of the Dungeon.
             The game lasted 00:11:17 (4269 turns).

lukzaj the Chopper (Hill Orc Fighter)               Turns: 4269, Time: 00:11:19

Health: -5/60      AC:  9    Str: 20    XL:     7   Next: 26%
Magic:  7/7        EV:  8    Int:  8    God:
Gold:   199        SH: 10    Dex: 11    Spells: 6/6 levels left

rFire    . . .     SeeInvis .   q - +1 flail (holy)
rCold    . . .     Faith    .   c - +0 kite shield
rNeg     . . .     Spirit   .   b - +1 scale mail
rPois    .         Reflect  .   (no helmet)
rElec    .         Harm     .   (no cloak)
rCorr    .         Rampage  .   k - +0 pair of gloves
Will     .....                  (no boots)
Stlth    ..........             (no amulet)
HPRegen  0.20/turn              (no ring)
MPRegen  0.10/turn              (no ring)

@: mighty
A: no striking features
a: no special abilities


You were on level 5 of the Dungeon.
You visited 1 branch of the dungeon, and saw 5 of its levels.

You collected 199 gold pieces.

Inventory:

Hand Weapons
 a - a +1 war axe
 l - a +0 halberd
 q - a +1 flail of holy wrath (weapon)
Armour
 b - a +1 scale mail (worn)
 c - a +0 kite shield (worn)
 k - a +0 pair of gloves (worn)
Scrolls
 f - a scroll of enchant armour
 h - a scroll of summoning
Potions
 e - a potion of haste {unknown}
 g - 2 potions of mutation
 i - a potion of ambrosia {unknown}
 j - 2 potions of curing
 m - 2 potions of lignification {unknown}
 n - a potion of attraction {unknown}
 o - a potion of heal wounds {unknown}
 p - a potion of flight {unknown}


   Skills:
 + Level 4.9 Fighting
 + Level 5.9(6.1) Axes
 + Level 1.8(3.6) Maces & Flails
 + Level 4.7 Armour
 + Level 1.3 Dodging
 + Level 0.7 Stealth
 + Level 5.0 Shields


You had 6 spell levels left.
You didn't know any spells.
Your spell library contained the following spells:

 Spells                   Type           Power      Damage    Failure   Level
 Foxfire                  Conj/Fire      0%         2x1d4     99%         1
 Conjure Flame            Conj/Fire      0%         6-21      100%        3
 Gell's Gravitas          Tloc           0%         N/A       100%        3
 Inner Flame              Hex/Fire       0%         N/A       100%        3
 Lesser Beckoning         Tloc           0%         N/A       100%        3
 Teleport Other           Tloc           0%         N/A       100%        3


Dungeon Overview and Level Annotations

Branches:
Dungeon (5/15)
 Temple: D:4-7

Altars:


Message History

The gnoll barely misses you. You block the orc priest's attack.
The gnoll closely misses you. The gnoll barely misses you.
The orc priest threatens, "By the altar or by the axe, you will meet Beogh!"
The gnoll hits you from afar with a +0 spear!
* * * LOW HITPOINT WARNING * * *
The orc priest barely misses you. The gnoll hits you but does no damage.
Okay, then.
The gnoll hits you but does no damage.
The gnoll shaman hits you with a +0 mace.
* * * LOW HITPOINT WARNING * * *
You sock the orc priest!
The orc priest is severely wounded.
The orc priest barely misses you. You block the orc priest's attack.
The gnoll closely misses you.
You thump the orc priest!
You kill the orc priest!
You block the gnoll's attack.
An orc comes into view. It is wielding a +0 trident.
The gnoll barely misses you.
The orc shouts!
You thump the gnoll shaman!
The gnoll shaman is heavily wounded.
You block the gnoll's attack. The gnoll shaman misses you.
You block the gnoll's attack.
The gnoll shaman hits you with a +0 mace.
* * * LOW HITPOINT WARNING * * *
You sock the gnoll shaman!
You kill the gnoll shaman!
The gnoll barely misses you. The gnoll hits you but does no damage.
The orc drinks a potion.
The orc seems to grow stronger.
Your Shields skill increases to level 5!
You sock the bullfrog skeleton!
The bullfrog skeleton convulses!!
You destroy the bullfrog skeleton!
The gnoll hits you from afar with a +0 spear.
* * * LOW HITPOINT WARNING * * *
You block the gnoll's attack. The orc hits you with a +0 flail!
* * * LOW HITPOINT WARNING * * *
The gnoll hits you from afar with a +0 spear.
You die...

## #..# .
..#... #
#....###..... #
##..#.#.#..#
.....#...#
...##..#...# #
#.....))..##.#
...####).go...#
####o####
####@###
#......#
#.##.#.#
#.##...#
#.####.# #.. .#
### #


You could see a gnoll (fast) and 2 orcs.

Vanquished Creatures
  Edmund (D:5)
  A water moccasin zombie (D:5)
  Blork the orc (D:5)
  A wyvern skeleton (D:5)
  A gnoll shaman (D:5)
  2 bullfrog skeletons
  An orc priest (D:5)
  A howler monkey skeleton (D:5)
  7 gnolls
  An adder (D:5)
  A worm (D:2)
  2 dart slugs
  6 orcs
  5 ball pythons
  3 bats
  6 endoplasms
  2 giant cockroaches
  5 goblins
  8 hobgoblins
  4 kobolds
  4 quokkas
  4 frilled lizards
  4 rats
71 creatures vanquished.

Notes
Turn   | Place    | Note
-------+----------+-------------------------------------------
     0 | D:1      | lukzaj the Hill Orc Fighter began the quest for the Orb.
     0 | D:1      | Reached XP level 1. HP: 19/19 MP: 1/1
    50 | D:1      | You fall into a shaft and drop 1 floor!
   118 | D:2      | Reached XP level 2. HP: 18/27 MP: 2/2
   541 | D:2      | Reached XP level 3. HP: 33/33 MP: 3/3
   817 | D:1      | Found a faded altar of an unknown god.
  1417 | D:2      | You fall into a shaft and drop 2 floors!
  1472 | D:4      | Reached XP level 4. HP: 21/40 MP: 4/4
  2873 | D:4      | Reached XP level 5. HP: 32/46 MP: 5/5
  3095 | D:5      | Entered Level 5 of the Dungeon
  3095 | D:5      | Noticed Edmund
  3101 | D:5      | Noticed Blork the orc
  3113 | D:5      | Killed Edmund
  3113 | D:5      | Killed Blork the orc
  3114 | D:5      | Reached skill level 5 in Axes
  3114 | D:5      | Reached skill level 1 in Dodging
  3114 | D:5      | Reached XP level 6. HP: 20/53 MP: 6/6
  3501 | D:5      | Reached skill level 1 in Maces & Flails
  3643 | D:5      | Reached XP level 7. HP: 60/60 MP: 7/7
  4269 | D:5      | Reached skill level 5 in Shields
  4269 | D:5      | HP: 1/60 [orc (9)]
  4269 | D:5      | Slain by a gnoll

Illustrated notes

Levels and vault maps discovered:
D:1:      dpeg_arrival_prison, layout_loops_ring,
          shapermc_ecumenical_altar_acropolis
D:2:      layout_basic, serial_bayou_pond_d
D:3:      layout_rooms
D:4:      layout_basic
D:5:      layout_loops_cross, minmay_temple_entry_arrows,
          cheibrodos_sewer_entry_drain, hangedman_decor_clover_reticule,
          minmay_between, uniq_edmund, uniq_blork_the_orc,
          uniq_crazy_yiuf_cottage

Skill      XL: |  1  2  3  4  5  6  7 |
---------------+----------------------+-----
Axes           | 3 4 5 |  5.9
Fighting       | 4 |  4.9
Shields        | 4 5 |  5.0
Armour         | 4 |  4.7
Dodging        | 1 |  1.3
Maces & Flails | 1 |  1.8
Stealth        | |  0.7

Action                   |  1- 3 |  4- 6 |  7- 9 || total
-------------------------+-------+-------+-------++-------
Melee: War axe           |   120 |    70 |       ||   190
       Flail             |       |    22 |    28 ||    50
  Use: Scroll            |     3 |     8 |     1 ||    12
       Potion            |       |     2 |     3 ||     5
Armor: Scale mail        |    59 |    44 |    24 ||   127
Dodge: Dodged            |    31 |    40 |    25 ||    96
Block: Kite shield       |    83 |    51 |    29 ||   163
